Map: Honorgrounds LE

Players

Railgan

  • Race: Zerg Zerg
  • League: Grandmaster
  • Spawn Location: 1:00

JuicyPeach - Winner!

  • Race: Terran Terran
  • League: Grandmaster
  • Spawn Location: 11:00

VOD

Have the link to the VOD?

Description

Time

  • Played on: March 11, 2017, 4:21 p.m.
  • Length: 12:10
Show
View Real Time Build Order
Export as new Build Order

Railgan Zerg 

Build Orders: Hatch First, Lurkers 

Get SALT Encoding   

  12  0:01  Drone  
  13  0:12  Overlord  
  13  0:18  Drone  
  14  0:30  Drone  
  14  0:31  Drone  
  14  0:34  Drone  
  17  0:56  Hatchery  
  16  0:58  Drone  
  16  1:01  Drone  
  18  1:13  Extractor  
  18  1:17  Spawning Pool  
  16  1:19  Drone  
  16  1:22  Drone  
  18  1:29  Drone  
  19  1:41  Overlord  
  19  1:59  Drone  
  20  2:04  Queen  
  20  2:06  Zergling x2  
  23  2:09  Queen  
  23  2:10  Zergling x2  
  26  2:17  Drone  
  26  2:18  Metabolic Boost  
  26  2:20  Drone  
  29  2:22  Drone  
  29  2:30  Drone  
  30  2:37  Overlord  
  29  2:45  Queen  
  29  2:47  Queen  
  29  2:50  Drone  
  34  2:59  Evolution Chamber  
  34  3:01  Drone x2  
  34  3:02  Drone  
  36  3:06  Drone  
  36  3:09  Drone  
  38  3:18  Overlord  
  39  3:20  Drone x2  
  39  3:21  Overlord  
  40  3:28  Zerg Ground Armor Level 1  
  40  3:33  Overlord  
  40  3:39  Zergling x2  
  40  3:40  Zergling x4  
  43  3:42  Extractor  
  43  3:43  Extractor  
  43  3:45  Drone  
  43  3:46  Drone  
  43  3:50  Drone  
  44  3:59  Drone  
  44  4:00  Drone x5  
  44  4:02  Drone  
  51  4:08  Lair  
  51  4:17  Drone  
  51  4:18  Drone x2  
  51  4:20  Drone  
  51  4:22  Extractor  
  54  4:27  Drone  
  54  4:29  Drone  
  56  4:32  Spore Crawler  
  56  4:33  Spore Crawler  
  56  4:37  Zergling x4  
  56  4:39  Drone x3  
  56  4:43  Overlord  
  59  4:48  Overlord  
  58  4:55  Queen  
  59  5:05  Zergling x14  
  66  5:10  Zergling x6  
  69  5:16  Zergling x2  
  69  5:17  Zergling x2  
  60  5:30  Zergling x2  
  60  5:32  Drone  
  60  5:33  Zergling x2  
  56  5:39  Hydralisk Den  
  56  5:42  Zerg Ground Armor Level 2  
  55  5:47  Drone x4  
  55  5:49  Evolution Chamber  
  58  6:00  Hatchery  
  49  6:24  Drone x2  
  49  6:25  Drone  
  50  6:30  Hydralisk, Zerg Missile Weapons Level 1, Muscular Augments  
  50  6:31  Hydralisk x5  
  62  6:36  Hydralisk  
  64  6:40  Hydralisk  
  64  6:45  Spore Crawler  
  65  6:47  Drone x2  
  65  6:52  Spore Crawler  
  66  6:54  Hydralisk  
  66  6:59  Overlord  
  66  7:00  Drone  
  69  7:03  Hydralisk  
  71  7:10  Overseer  
  71  7:14  Drone x6  
  76  7:21  Drone x2  
  76  7:22  Drone  
  79  7:24  Queen  
  79  7:27  Drone  
  82  7:33  Drone  
  82  7:34  Drone x3  
  86  7:40  Overlord  
  86  7:41  Lurker Den  
  86  7:44  Overlord  
  86  7:46  Drone  
  86  7:51  Extractor x2  
  86  7:58  Queen  
  87  8:01  Pneumatized Carapace  
  87  8:04  Zerg Melee Weapons Level 1  
  87  8:06  Hatchery  
  87  8:10  Hydralisk x2  
  89  8:17  Hydralisk x3  
  95  8:21  Hydralisk  
  95  8:26  Drone x4  
  102  8:27  Drone x2  
  102  8:31  Overlord  
  103  8:34  Overlord  
  103  8:37  Hydralisk  
  103  8:38  Zerg Missile Weapons Level 2  
  105  8:43  Overlord  
  94  9:04  Hydralisk x5  
  94  9:05  Hydralisk x3  
  94  9:07  Zergling x6  
  97  9:10  Hydralisk  
  97  9:12  Hydralisk  
  97  9:15  Zergling x2  
  89  9:18  Lurker  
  89  9:21  Hydralisk, Overseer  
  88  9:29  Hydralisk  
  84  9:38  Hydralisk x2  
  84  9:39  Hydralisk x2  
  84  9:41  Hydralisk  
  90  10:06  Hydralisk x5  
  82  10:20  Hydralisk  
  83  10:35  Lurker  
  79  10:45  Lurker  
  79  10:46  Lurker x2  
  79  10:47  Hydralisk x2  
  86  10:52  Hydralisk x3  
  92  11:12  Hydralisk  
  92  11:13  Hydralisk  
  92  11:15  Hatchery  
  95  11:32  Hydralisk  
  95  11:33  Hydralisk x4  
  105  11:40  Hydralisk x3  
  107  11:54  Lurker x2  
  99  11:57  Lurker  
Show
View Real Time Build Order
Export as new Build Order

JuicyPeach Terran - Winner!

Build Orders: Liberator Opening, Reaper Expand, MMM Bio 

Get SALT Encoding   

  12  0:00  SCV  
  13  0:13  SCV  
  14  0:17  Supply Depot  
  14  0:25  SCV  
  15  0:30  Refinery  
  15  0:39  SCV  
  16  0:46  Barracks  
  16  0:51  SCV  
  17  1:03  SCV  
  18  1:15  SCV  
  19  1:33  Reaper, Orbital Command  
  20  1:46  Command Center  
  20  1:53  Refinery  
  20  2:00  Supply Depot, SCV  
  21  2:07  Barracks Reactor  
  21  2:13  SCV  
  22  2:22  Factory  
  22  2:25  SCV  
  23  2:39  SCV  
  24  2:49  Marine x2  
  24  2:51  SCV  
  27  2:59  Orbital Command  
  27  3:04  SCV  
  28  3:09  Starport  
  28  3:16  Cyclone, SCV  
  28  3:17  Cyclone  
  35  3:25  SCV  
  36  3:28  SCV  
  36  3:32  Liberator  
  37  3:37  SCV  
  37  3:39  Barracks Tech Lab  
  37  3:41  SCV  
  39  3:48  Supply Depot, Hellion  
  41  3:49  Hellion  
  46  3:59  SCV  
  46  4:02  Supply Depot  
  46  4:09  Armory  
  46  4:10  Hellion, SCV  
  46  4:11  Hellion, SCV  
  52  4:22  SCV  
  52  4:23  Marine  
  54  4:24  Supply Depot  
  54  4:25  SCV  
  55  4:32  Medivac  
  55  4:33  Hellion x2  
  55  4:34  SCV  
  62  4:46  Stimpack  
  62  4:48  SCV  
  62  4:50  SCV  
  62  4:52  Supply Depot x2  
  64  4:55  Liberator  
  64  5:00  SCV  
  64  5:05  SCV  
  66  5:12  Marine, SCV  
  66  5:14  Command Center  
  68  5:17  SCV  
  69  5:21  Engineering Bay  
  69  5:24  SCV  
  67  5:29  SCV  
  67  5:32  Engineering Bay  
  60  5:36  SCV  
  60  5:37  Barracks  
  60  5:38  Barracks  
  60  5:39  Factory Reactor  
  60  5:41  SCV  
  57  5:44  Refinery  
  57  5:45  Marine, Refinery  
  57  5:48  SCV  
  59  5:56  Starport Reactor  
  59  6:00  SCV  
  59  6:01  Terran Infantry Weapons Level 1  
  60  6:14  SCV  
  59  6:20  SCV  
  59  6:21  Marine, Terran Infantry Armor Level 1  
  59  6:25  Barracks  
  59  6:26  SCV  
  59  6:27  Barracks  
  59  6:28  Marine x2  
  59  6:30  Orbital Command  
  62  6:34  Factory Reactor, SCV  
  62  6:35  Missile Turret  
  62  6:36  Missile Turret  
  62  6:37  Medivac x2  
  62  6:39  Marine  
  68  6:42  SCV  
  68  6:44  Missile Turret  
  68  6:45  Marine x2  
  68  6:46  Marine x2  
  73  6:49  SCV  
  74  6:54  SCV  
  74  6:57  Marine, Orbital Command  
  74  6:59  Armory  
  76  7:01  Combat Shields  
  76  7:03  Marine, SCV  
  76  7:04  Marine  
  76  7:05  Marine x2  
  81  7:10  Medivac  
  81  7:12  Widow Mine x2  
  81  7:14  Marine  
  88  7:16  Barracks Reactor  
  88  7:17  Missile Turret  
  88  7:18  SCV  
  88  7:21  Marine, Barracks Reactor  
  90  7:26  Marine x2, SCV  
  90  7:27  Marine, Liberator  
  94  7:30  SCV  
  94  7:31  SCV  
  94  7:32  Marine  
  94  7:35  Bunker x2  
  97  7:38  Marine, SCV  
  97  7:42  Supply Depot, SCV  
  97  7:44  Marine, Supply Depot  
  103  7:45  Supply Depot  
  103  7:46  Widow Mine x2  
  103  7:50  Supply Depot  
  108  7:53  SCV  
  109  8:02  Terran Infantry Weapons Level 2  
  109  8:03  Marine x5, SCV  
  115  8:11  Marine x2  
  115  8:12  Marine x2  
  119  8:15  Widow Mine x2  
  119  8:16  Terran Infantry Armor Level 2  
  123  8:21  Marine x3  
  123  8:25  Marine x2  
  123  8:26  Refinery  
  128  8:29  Marine x2, Barracks  
  128  8:30  Barracks  
  128  8:33  Supply Depot  
  130  8:35  Marine x2  
  130  8:37  Medivac  
  130  8:39  Marine  
  135  8:48  Marine x3  
  135  8:49  Marine x2  
  140  9:00  Marine x3  
  140  9:02  Marine, Widow Mine x2  
  145  9:06  Marine, Factory  
  134  9:11  Marine x2  
  134  9:15  Marine x2  
  134  9:16  Medivac x2  
  135  9:17  Marine  
  135  9:18  Barracks Reactor, Barracks Tech Lab  
  136  9:26  Command Center  
  136  9:33  Terran Vehicle Weapons Level 1  
  136  9:45  Factory Tech Lab  
  136  9:50  Marine  
  136  9:51  Marine x4, Marauder  
  136  9:52  Marauder  
  141  9:54  Concussive Shells  
  135  10:04  Marine x3, Liberator x2  
  131  10:08  Factory Tech Lab  
  131  10:09  Marine  
  131  10:10  Marine  
  131  10:11  Marine x2  
  131  10:12  Marine x2  
  125  10:17  Barracks  
  125  10:19  Marine x2  
  125  10:20  Siege Tank, Marauder  
  126  10:22  Marine  
  126  10:24  Marine x2, Supply Depot  
  126  10:25  Supply Depot  
  126  10:26  Supply Depot  
  135  10:29  Marine  
  134  10:41  Planetary Fortress  
  134  10:43  Missile Turret, SCV x2  
  134  10:45  Marine x5, SCV  
  134  10:46  Marine x4, Marauder x2  
  150  10:54  Refinery  
  150  10:58  Marine  
  150  11:01  Siege Tank, Liberator  
  150  11:03  Marine x2  
  156  11:06  Marine x3  
  156  11:07  Marauder  
  161  11:16  Marine x3  
  161  11:17  Marine, Marauder, Siege Tank  
  173  11:31  Marine x3  
  173  11:32  Medivac, Marauder  
  178  11:37  Supply Depot  
  178  11:38  Supply Depot  
  180  11:50  Marine x3  
  180  11:51  Marine x3  
  185  12:03  Command Center  
Tags
 
Add a new tag
Caveats
  • Supply blocks, unpowered buildings, or Contaminate may cause inaccurate times.
  • Supply counts are checked every 10 seconds.